 Dungeon Crawl Stone Soup version 0.28.0-47-ge53b351184 (webtiles) character file.

Game seed: 3642405134609051114

4137 Kenran the Grappler (level 10, -7/84 (91) HPs)
             Began as a Minotaur Chaos Knight on May 1, 2022.
             Was a Plaything of Xom.
             Mangled by a skeletal warrior
             ... wielding a +0 glaive
             ... led by a skeletal warrior
              (18 damage)
             ... on level 9 of the Dungeon.
             The game lasted 00:16:04 (7659 turns).

Kenran the Grappler (Minotaur Chaos Knight)         Turns: 7659, Time: 00:16:04

HP:   -7/84 (91)    AC:  6    Str: 21 (22) XL:     10   Next: 7%
MP:   9/9           EV: 12    Int:  9      God:    Xom [...*..]
Gold: 893           SH:  0    Dex: 11      Spells: 9/9 levels left

rFire   . . .      SeeInvis .     - Unarmed
rCold   . . .      Faith    .   (no shield)
rNeg    . . .      Spirit   .   a - +2 leather armour
rPois   +          Reflect  .   (helmet restricted)
rElec   .          Harm     .   c - +0 cloak
rCorr   .          Rampage  .   (no gloves)
Will    .....                   (no boots)
Stlth   +.........              C - amulet of regeneration
HPRegen 1.04/turn               D - ring of poison resistance
MPRegen 0.11/turn               (no ring)

@: flying, drained
A: horns 2, retaliatory headbutt, deterioration 1, strong 1
a: Renounce Religion


You were on level 9 of the Dungeon.
You worshipped Xom.
You were a favourite toy of Xom.
You visited 1 branch of the dungeon, and saw 11 of its levels.
You also visited: Ossuary.

You collected 1393 gold pieces.
You spent 500 gold pieces at shops.

Inventory:

Missiles
 b - 5 javelins (quivered)
 d - 244 stones
 j - 23 poisoned darts
 m - 2 throwing nets
 F - a curare-tipped dart
Armour
 a - a +2 leather armour (worn)
 c - a +0 cloak (worn)
Jewellery
 e - a ring of ice
 C - an amulet of regeneration (around neck)
 D - a ring of poison resistance (left hand)
Wands
 o - a wand of iceblast (4)
 r - a wand of charming (5)
 A - a wand of acid (6)
 G - a wand of flame (8)
Scrolls
 f - a scroll of vulnerability {!r}
 g - 3 scrolls of fear
 k - a scroll of amnesia
 t - a scroll of brand weapon {unknown}
 v - 2 scrolls of enchant armour
 y - a scroll of summoning {unknown}
Potions
 h - a potion of attraction {!q}
 i - 2 potions of curing {@q1}
 l - a potion of ambrosia {unknown}
 n - 2 potions of mutation {!q}
 p - a potion of invisibility
 q - a potion of degeneration {unknown}
 s - a potion of lignification {unknown}
 u - 2 potions of heal wounds {@q2}


   Skills:
 + Level 9.0 Fighting
 - Level 5.0 Throwing
 - Level 5.0 Armour
 - Level 4.0 Dodging
 * Level 11.4 Unarmed Combat
 - Level 3.0 Evocations


You had 9 spell levels left.
You didn't know any spells.
Your spell library contained the following spells:

 Spells                   Type           Power      Damage    Failure   Level
 Slow                     Hex            0%         N/A       43%         1
 Scorch                   Fire           0%         2d5       56%         2
 Sublimation of Blood     Necr           0%         N/A       56%         2
 Wereblood                Tmut           0%         N/A       56%         2
 Confusing Touch          Hex            0%         N/A       80%         3
 Gell's Gravitas          Tloc           0%         N/A       80%         3
 Lesser Beckoning         Tloc           0%         N/A       80%         3
 Portal Projectile        Hex/Tloc       0%         N/A       80%         3
 Teleport Other           Tloc           0%         N/A       80%         3
 Vampiric Draining        Necr           0%         2d6       80%         3
 Flame Wave               Conj/Fire      0%         2d4       99%         4
 Blade Hands              Tmut           0%         N/A       100%        5
 Excruciating Wounds      Necr           0%         N/A       100%        5
 Summon Cactus Giant      Summ           0%         N/A       100%        6
 Summon Hydra             Summ           0%         N/A       100%        7


Dungeon Overview and Level Annotations

Branches:
Dungeon (11/15)            Temple (0/1) D:4            Lair (0/6) D:10
    Orc (0/2) D:10        Ossuary (visited)

Altars:
Makhleb
Xom
Beogh

Shops:
D:4 (   D:6 =

Portals:
Bailey: D:9


Innate Abilities, Weirdness & Mutations

You have a pair of horns on your head.
You reflexively headbutt those who attack you in melee.
Your body sometimes deteriorates upon taking damage.
Your muscles are strong. (Str +2)


Message History

It was a potion of invisibility.
You fade into invisibility!
Something hits you.
You feel drained.
The skeletal warrior is attracted toward you.
It was a potion of cancellation.
Your magical effects are unravelling.
You feel magically purged.
You flicker back into view.
You feel less confused.
The skeletal warrior hits you from afar with a +0 glaive!!
Something hits you but does no damage.
You feel drained.
You feel less attractive to monsters.
It was a potion of magic.
Magic courses through your body.
Xom thinks this is hilarious!
Something completely misses you.
The skeletal warrior hits you from afar with a +0 glaive!!
It was a potion of flight.
You feel very buoyant.
You fly up into the air.
Xom roars with laughter!
The skeletal warrior hits you from afar with a +0 glaive.
Something barely misses you.
You feel much better. The skeletal warrior barely misses you.
Something hits you but does no damage.
You feel drained.
You closely miss something. Something hits you but does no damage.
You feel drained.
The skeletal warrior completely misses you.
You miss something. Your headbutt misses something.
Your punch misses something.
The skeletal warrior hits you from afar with a +0 glaive!
Something hits you.
You feel drained.
You punch something! Something hits you.
You feel drained.
The skeletal warrior hits you from afar with a +0 glaive!!
* * * LOW HITPOINT WARNING * * *
You hit something. You pummel something!!
Reactivating autopickup.
You feel a bit more experienced.
The skeletal warrior hits you from afar with a +0 glaive!!
You die...
Xom thinks this is hilarious!

######## #......#
#......# #......#
#......# #......#
..).... # ###)####
#.....# .. #@# ##.....##
... #)# #.......## ....
#z# #........# ..... #z#
#........# ......#o##
#.....#.# .........##
###.....#.##
#####..#..###......5...5
..........^..#..##..##.
#....[...##...#..###.##.


You could see 2 skeletal warriors and an orc.

Vanquished Creatures
  A troll (D:10)
  Grinder (D:5)
  A warg (D:10)
  A sky beast (D:5)
  A black bear (D:6)
  2 ice beasts
  A necrophage (D:5)
  2 ogres (D:4)
  A centaur (D:9)
  A kobold brigand (D:8)
  3 bullfrogs
  3 scorpions
  A water moccasin zombie (D:5)
  A water moccasin skeleton (D:7)
  4 killer bees (D:9)
  A howler monkey (D:9)
  2 centaur zombies (D:7)
  A bullfrog skeleton (D:6)
  4 orc priests
  3 hounds
  4 jellies
  Jessica (D:2)
  4 iguanas
  3 orc wizards
  9 mummies
  5 gnolls (D:6)
  8 adders
  2 shadow imps
  3 white imps
  2 ufetubi
  2 worms
  4 dart slugs
  21 orcs
  3 bats
  5 endoplasms
  4 giant cockroaches
  2 gnoll zombies (Ossuary)
  8 goblins
  8 hobgoblins
  2 quokkas
  2 ball pythons
  4 frilled lizards
  A hobgoblin zombie (Ossuary)
  14 kobolds
  3 kobold zombies (Ossuary)
  2 orc zombies (Ossuary)
  5 rats
166 creatures vanquished.

Vanquished Creatures (collateral kills)
  Harold (D:9)
  Menkaure (D:7)
  A warg (D:10)
  A necrophage (D:7)
  A centaur (D:9)
  A gnoll sergeant (D:6)
  A bullfrog zombie (D:7)
  A jelly (D:7)
  An orc wizard (D:7)
9 creatures vanquished.

Vanquished Creatures (others)
  A dancing weapon (D:9)
1 creature vanquished.

Grand Total: 176 creatures vanquished

Notes
Turn   | Place    | Note
-------+----------+-------------------------------------------
     0 | D:1      | Kenran the Minotaur Chaos Knight began the quest for the
                  | Orb.
     0 | D:1      | Reached XP level 1. HP: 19/19 MP: 0/0
    23 | D:1      | XOM: potion effect (brilliance)
   139 | D:1      | Reached XP level 2. HP: 27/27 MP: 1/1
   152 | D:1      | XOM: divination: detect items
   156 | D:1      | XOM: smoke on damage
   259 | D:1      | XOM: silly message
   289 | D:1      | Reached skill level 4 in Unarmed Combat
   651 | D:2      | Reached XP level 3. HP: 30/33 MP: 2/2
   756 | D:2      | Found a faded altar of an unknown god.
  1297 | D:2      | XOM: god gift: 792 gold pieces
  1367 | D:2      | Reached XP level 4. HP: 40/40 MP: 3/3
  1520 | D:2      | Noticed Jessica
  1526 | D:2      | Killed Jessica
  1527 | D:2      | Reached skill level 5 in Unarmed Combat
  1762 | D:3      | XOM: silly message
  1902 | D:3      | Reached skill level 1 in Throwing
  1902 | D:3      | Reached XP level 5. HP: 37/46 MP: 2/4
  2516 | D:4      | XOM is BORED!
  2516 | D:4      | XOM: silly message
  2546 | D:4      | Found Iqid Furan's Antique Weapon Emporium.
  2550 | D:4      | XOM: silly message
  2593 | D:4      | XOM: potion effect (heal wounds)
  2597 | D:4      | Reached skill level 5 in Fighting
  2597 | D:4      | Reached XP level 6. HP: 56/56 MP: 5/5
  2654 | D:4      | Reached skill level 6 in Unarmed Combat
  2713 | D:4      | XOM: potion effect (invisibility)
  2715 | D:4      | XOM: potion effect (brilliance)
  2777 | D:4      | XOM: silly message
  2912 | D:4      | Found a staircase to the Ecumenical Temple.
  2968 | D:4      | XOM: silly message
  3110 | D:4      | Reached XP level 7. HP: 47/63 MP: 6/6
  3169 | D:4      | XOM: divination: magic mapping
  3260 | D:4      | Reached skill level 7 in Unarmed Combat
  3294 | D:4      | XOM: scenery: create altars
  3362 | D:4      | XOM: give mutations
  3362 | D:4      | Gained mutation: You are agile. (Dex +2) [Xom's grace]
  3362 | D:4      | Gained mutation: Your spells are a little harder to cast,
                  | but a little more powerful. [Xom's grace]
  3505 | D:4      | XOM is BORED!
  3505 | D:4      | XOM: summons 3 hostile demons
  3736 | D:4      | XOM: scenery: create altars
  3742 | D:5      | Entered Level 5 of the Dungeon
  3821 | D:5      | Noticed Grinder
  3822 | D:5      | XOM: god gift: wand of charming (5)
  3830 | D:5      | XOM: 1-stop teleportation journey
  3838 | D:5      | XOM: polymorph scorpion -> worm
  3931 | D:5      | Killed Grinder
  3932 | D:5      | Reached skill level 8 in Unarmed Combat
  3932 | D:5      | Reached XP level 8. HP: 56/71 MP: 5/7
  4113 | D:5      | Found a sand-covered staircase.
  4150 | Ossuary  | Entered an ossuary
  4156 | Ossuary  | XOM: scenery: summon butterflies
  4261 | Ossuary  | XOM: 1-stop teleportation journey
  4650 | D:5      | Found a burning altar of Makhleb.
  4979 | D:5      | XOM: give mutation
  4979 | D:5      | Gained mutation: Armour fits poorly on your strangely
                  | shaped body. [Xom's mischief]
  5051 | D:5      | XOM: give mutation
  5051 | D:5      | Gained mutation: Your muscles are strong. (Str +2) [Xom's
                  | grace]
  5187 | D:6      | Found Zaoboze's Jewellery Boutique.
  5187 | D:6      | XOM: 2-stop teleportation journey
  5246 | D:6      | Bought an amulet of regeneration for 300 gold pieces
  5246 | D:6      | Bought a ring of poison resistance for 200 gold pieces
  5403 | D:6      | XOM: enchant monster (good)
  5436 | D:6      | XOM: potion effect (curing)
  5445 | D:6      | XOM: summons 8 friendly demons
  5725 | D:6      | XOM: enchant monster (good)
  5753 | D:6      | Reached skill level 9 in Unarmed Combat
  5922 | D:6      | XOM: confuse monster(s)
  5927 | D:6      | Reached skill level 5 in Armour
  6109 | D:6      | XOM: divination: magic mapping
  6174 | D:6      | XOM: give mutations
  6174 | D:6      | Lost mutation: Your spells are a little harder to cast, but
                  | a little more powerful. [Xom's mischief]
  6174 | D:6      | Gained mutation: Your body sometimes deteriorates upon
                  | taking damage. [Xom's mischief]
  6174 | D:6      | Gained mutation: You are covered in fur. (AC +1) [Xom's
                  | mischief]
  6432 | D:7      | Reached XP level 9. HP: 79/79 MP: 8/8
  6443 | D:7      | Noticed Menkaure
  6465 | D:7      | Killed Menkaure
  6546 | D:7      | Reached skill level 1 in Evocations
  6811 | D:7      | XOM: summons 9 friendly demons
  6932 | D:7      | XOM: scenery: 1 doors open, 1 doors close
  7250 | D:8      | XOM: cleaving
  7393 | D:8      | You fall into a shaft and drop 3 floors!
  7407 | D:10     | Entered Level 10 of the Dungeon
  7408 | D:10     | Found a staircase to the Orcish Mines.
  7437 | D:10     | Noticed a troll
  7448 | D:10     | Killed a troll
  7449 | D:10     | Reached skill level 10 in Unarmed Combat
  7470 | D:10     | XOM: summons 9 friendly demons
  7472 | D:10     | Found a staircase to the Lair.
  7500 | D:10     | XOM: chaos upgrade
  7503 | D:10     | XOM: confuse monster(s)
  7538 | D:9      | Reached skill level 5 in Throwing
  7552 | D:9      | Noticed Harold
  7569 | D:9      | XOM: smoke on damage
  7579 | D:9      | Lost mutation: You are covered in fur. (AC +1) [potion of
                  | mutation]
  7579 | D:9      | Lost mutation: Armour fits poorly on your strangely shaped
                  | body. [potion of mutation]
  7579 | D:9      | Lost mutation: You are agile. (Dex +2) [potion of mutation]
  7582 | D:9      | Killed Harold
  7583 | D:9      | Reached skill level 11 in Unarmed Combat
  7583 | D:9      | Reached XP level 10. HP: 55/91 MP: 9/9
  7594 | D:9      | Found a flagged portal.
  7597 | D:9      | Noticed a skeletal warrior
  7598 | D:9      | Identified the +9 rapier "Kiet" {flame, Str+4}
  7598 | D:9      | Noticed a skeletal warrior
  7611 | D:9      | XOM: summons 7 friendly demons
  7659 | D:9      | Mangled by a skeletal warrior

Illustrated notes

Levels and vault maps discovered:
D:1:      amcnicky_arrival_flooded_fountain, layout_rooms
D:2:      kennysheep_big_flooded_room, layout_basic,
          hellmonk_ecumenical_altar_lost_god, uniq_jessica
D:3:      layout_rooms, st_stairs_7, kennysheep_orc_chapel
D:4:      nicolae_BIG_FREAKIN_CUBE, layout_cave_pods, temple_pool_b,
          serial_shops, shop_fountains, chequers_serial_rivers_large_b
D:5:      layout_loops_ring, lemuel_doored_altar, gup_ossuary_entry_pyramid,
          minmay_starry_boxes, uniq_grinder
D:6:      layout_layer_cave, serial_shops, shop_fountains
D:7:      layout_gridville, uniq_menkaure
D:8:      layout_basic, serial_shops, kennysheep_mini, chequers_garden
D:9:      layout_rooms, enter_bailey_2, uniq_harold
D:10:     layout_gridville, erik_lair_orcish_takeover, orc_0_dummy,
          minmay_diamond_spiral
D:11:     layout_basic, nzn_sisyphean_effort

Skill      XL: |  1  2  3  4  5  6  7  8  9 |
---------------+----------------------------+-----
Fighting       | 4 5 6 7 9 |  9.0
Unarmed Combat | 4 5 6 8 9 11 | 11.4
Armour         | 3 4 5 |  5.0
Throwing       | 1 2 4 5 |  5.0
Dodging        | 2 3 4 |  4.0
Evocations     | 3 |  3.0

Action                   |  1- 3 |  4- 6 |  7- 9 | 10-12 || total
-------------------------+-------+-------+-------+-------++-------
Melee: Unarmed           |    94 |   123 |   301 |     9 ||   527
       Headbutt          |    10 |    22 |    69 |     2 ||   103
       Punch             |     2 |     6 |    17 |     1 ||    26
Throw: Dart              |     1 |       |       |       ||     1
       Stone             |     1 |       |       |       ||     1
Evoke: Wand              |       |       |     4 |       ||     4
  Use: Scroll            |       |     3 |     7 |       ||    10
       Potion            |       |       |     8 |     6 ||    14
 Stab: Invisible         |       |     2 |       |       ||     2
       Sleeping          |       |       |     2 |       ||     2
       Distracted        |       |       |     1 |       ||     1
Armor: Leather armour    |    35 |    21 |    67 |     3 ||   126
Dodge: Dodged            |    58 |    49 |   182 |     6 ||   295
